 Dungeon Crawl Stone Soup version 0.19-a0-1803-g97ff39f (webtiles) character file.

93 Deemzul the Chopper (level 4, -2/40 HPs)
             Began as a Minotaur Monk on Oct 5, 2016.
             Slain by an ogre
             ... wielding a +0 giant spiked club
              (12 damage)
             ... on level 3 of the Dungeon.
             The game lasted 00:01:45 (1826 turns).

Deemzul the Chopper (Minotaur Monk)                 Turns: 1826, Time: 00:01:45

Health: -2/40      AC: 12    Str: 17      XL:     4   Next: 37%
Magic:  3/3        EV:  8    Int:  7      God:
Gold:   116        SH:  0    Dex: 10 (12) Spells: 0 memorised, 3 levels left

rFire  . . .     SeeInvis .     a - +0 hand axe
rCold  + . .     Gourm    .     d - +0 chain mail
rNeg   . . .     Faith    .     (no shield)
rPois  .         Spirit   .     (helmet restricted)
rElec  .         Dismiss  .     f - +0 cloak
rCorr  .         Reflect  .     m - +2 pair of gloves
MR     .....     Harm     .     (no boots)
Stlth  ..........               i - amulet of regeneration
                                (no ring)
                                o - ring of protection from cold (curse)

@: no status effects
A: retaliatory headbutt, horns 2
a: no special abilities


You were on level 3 of the Dungeon.
You were hungry.

You visited 1 branch of the dungeon, and saw 3 of its levels.

You collected 116 gold pieces.

Inventory:

Hand Weapons
 a - a +0 hand axe (weapon)
Armour
 d - a +0 chain mail (worn)
 f - a +0 cloak (worn)
 m - a +2 pair of gloves (worn)
Jewellery
 i - an amulet of regeneration (around neck)
 o - a cursed ring of protection from cold (left hand)
Scrolls
 b - 2 scrolls of noise {unknown}
 h - 6 scrolls of identify {unknown}
 k - a scroll of enchant weapon {unknown}
 l - a scroll of magic mapping {unknown}
 n - a scroll of amnesia {unknown}
Potions
 g - a potion of lignification {unknown}
 j - 2 potions of flight {unknown}
Comestibles
 c - 2 bread rations


   Skills:
 + Level 4.2 Fighting
 * Level 4.9 Axes
 + Level 1.6 Armour
 + Level 4.0 Dodging
 - Level 1.5 Stealth


You had 3 spell levels left.
You didn't know any spells.

Dungeon Overview and Level Annotations

Branches:
Dungeon (3/15)

Altars:
Ashenzari


Innate Abilities, Weirdness & Mutations

You reflexively headbutt those who attack you in melee.
You have a pair of horns on your head.


Message History

The ogre hits you with a giant spiked club.
The hobgoblin hits you but does no damage.
Unknown command.
You see here a bat corpse.
You hit the ogre but do no damage.
The ogre is moderately wounded.
The ogre hits you with a giant spiked club!
Your chain mail prevents you from hitting the ogre.
The ogre is moderately wounded.
The ogre hits you with a giant spiked club!
* * * LOW HITPOINT WARNING * * *
Your chain mail prevents you from hitting the ogre.
The ogre is moderately wounded.
You hit the ogre.
The ogre is moderately wounded.
The ogre hits you with a giant spiked club!
* * * LOW HITPOINT WARNING * * *
You feel better.
The ogre hits you with a giant spiked club!
You die...

#.# #.# #.#
#.# #.# #.#
#.#
#.############
#...........@#
############O#
#g# #.# #.#
#.# .. #.# .#
#.# ##.## #.#
#.$.


You could see an ogre and a hobgoblin.

Vanquished Creatures
  3 adders (D:2)
  2 oozes (D:2)
  2 worms
  A dart slug (D:3)
  3 leopard geckos (D:2)
  4 bats
  2 giant cockroaches (D:2)
  12 goblins
  6 hobgoblins
  4 frilled lizards
  4 kobolds
  4 rats
47 creatures vanquished.

Notes
Turn   | Place    | Note
-------+----------+-------------------------------------------
     0 | D:1      | Deemzul the Minotaur Monk began the quest for the Orb.
     0 | D:1      | Reached XP level 1. HP: 19/19 MP: 0/0
   329 | D:1      | Reached XP level 2. HP: 22/27 MP: 1/1
   503 | D:1      | Reached skill level 1 in Armour
   640 | D:2      | HP: 2/40 [poisoned by an adder]
   642 | D:2      | Reached XP level 3. HP: 3/33 MP: 2/2
   645 | D:1      | HP: 2/49 [poisoned by an adder]
  1281 | D:2      | Found a shattered altar of Ashenzari.
  1332 | D:2      | Reached XP level 4. HP: 32/40 MP: 3/3
  1802 | D:3      | Noticed an ogre
  1826 | D:3      | Slain by an ogre

Vault maps used:
D:1:      dpeg_arrival_brainrot
D:2:      evilmike_ruin_ashenzari, serial_forest, infiniplex_forest_clump_small,
          infiniplex_forest_lined_2, infiniplex_forest_lined_2,
          infiniplex_forest_lined_3, infiniplex_forest_clump_small,
          infiniplex_forest_lined_4_way, infiniplex_forest_lined_room_2,
          infiniplex_forest_corner_1, infiniplex_forest_lined_corner
D:3:      lightli_temple_of_fire, kennysheep_orc_chapel

Skill      XL: |  1  2  3 |
---------------+----------+-----
Armour         | 1 |  1.6
Axes           | 4 |  4.9
Fighting       | 4 |  4.2
Dodging        | 4 |  4.0
Stealth        | |  1.5

Action                   |  1- 3 |  4- 6 || total
-------------------------+-------+-------++-------
Melee: Hand axe          |    86 |    38 ||   124
       Headbutt          |    14 |     4 ||    18
  Use: Potion            |     3 |     1 ||     4
 Stab: Sleeping          |     3 |       ||     3
  Eat: Chunk             |     2 |     1 ||     3
Armor: Robe              |     7 |       ||     7
       Chain mail        |    23 |    15 ||    38
Dodge: Dodged            |    44 |     8 ||    52
